 Dungeon Crawl Stone Soup version 0.27-a0-1273-gec92ba881d (webtiles) character file.

Game seed: 1087308752397446933

564 deletemesenpai the Chopper (level 7, 0/60 HPs)
             Began as a Hill Orc Fighter on June 11, 2021.
             Was an Initiate of Beogh.
             Slain by an orc warrior
             ... wielding a +2 vampiric hand axe
              (10 damage)
             ... on level 5 of the Dungeon.
             The game lasted 00:08:37 (4012 turns).

deletemesenpai the Chopper (Hill Orc Fighter)       Turns: 4012, Time: 00:08:37

Health: 0/60       AC: 13    Str: 21    XL:     7   Next: 32%
Magic:  7/7        EV:  4    Int:  8    God:    Beogh [......]
Gold:   138        SH: 10    Dex: 10    Spells: 6/6 levels left

rFire    . . .     SeeInvis .   q - +4 flail (distort)
rCold    . . .     Faith    .   c - +0 kite shield
rNeg     . . .     Spirit   .   v - +0 plate armour
rPois    .         Reflect  .   n - +0 helmet
rElec    .         Harm     .   (no cloak)
rCorr    .         Rampage  .   (no gloves)
Will     .....                  (no boots)
Stlth    ..........             (no amulet)
HPRegen  0.20/turn              (no ring)
MPRegen  0.10/turn              (no ring)

@: mighty
A: no striking features
a: Renounce Religion


You were on level 5 of the Dungeon.
You worshipped Beogh.
Beogh was noncommittal.
You visited 1 branch of the dungeon, and saw 5 of its levels.

You collected 138 gold pieces.

Inventory:

Hand Weapons
 a - a +0 war axe
 q - a +4 flail of distortion (weapon)
Missiles
 g - a throwing net
 r - 5 boomerangs (quivered)
Armour
 c - a +0 kite shield (worn)
 n - a +0 helmet (worn)
 v - a +0 plate armour (worn)
Wands
 u - a wand of flame (14)
Scrolls
 b - 2 scrolls of identify {unknown}
 e - 2 scrolls of enchant weapon {unknown}
 i - a scroll of blinking {unknown}
 j - a scroll of holy word {unknown}
 k - a scroll of amnesia {unknown}
 l - a scroll of torment {unknown}
 m - 2 scrolls of teleportation {unknown}
Potions
 f - a potion of cancellation {unknown}
 h - a potion of magic {unknown}
 o - 2 potions of lignification {unknown}
 p - 2 potions of curing {unknown}
 s - 2 potions of degeneration {unknown}
 t - a potion of haste {unknown}
 w - a potion of berserk rage {unknown}
 x - a potion of attraction {unknown}


   Skills:
 + Level 4.9 Fighting
 + Level 5.7(6.1) Axes
 + Level 2.7(4.1) Maces & Flails
 + Level 4.6 Armour
 * Level 5.6 Shields


You had 6 spell levels left.
You didn't know any spells.
Your spell library was empty.

Dungeon Overview and Level Annotations

Branches:
Dungeon (5/15)
 Temple: D:4-7

Altars:
Kikubaaqudgha
Okawaru
Vehumet
Yredelemnul
Zin

Shops:
D:1 :


Message History

Beogh accepts your kill.
The orc warrior hits you but does no damage.
You block the orc warrior's attack.
You hit the orc warrior.
Space bends around the orc warrior.
The orc warrior is moderately wounded.
You block the orc's attack. You block the orc warrior's attack.
You block the orc's attack.
You hit the orc warrior but do no damage.
Space warps horribly around the orc warrior!
The orc warrior is almost dead.
You block the orc warrior's attack. The orc hits you with a +0 short sword.
You closely miss the orc warrior.
The orc warrior is almost dead.
The orc warrior hits you with a +2 vampiric hand axe!
The orc warrior draws strength from your wounds!
You block the orc's attack.
The orc warrior hits you with a +2 vampiric hand axe!
The orc hits you but does no damage.
You barely miss the orc warrior.
The orc warrior is severely wounded.
The orc warrior hits you with a +2 vampiric hand axe!
The orc warrior draws strength from your wounds!
You block the orc's attack.
The orc warrior hits you with a +2 vampiric hand axe!
* * * LOW HITPOINT WARNING * * *
The orc warrior draws strength from your wounds!
You feel very mighty all of a sudden.
The orc warrior hits you with a +2 vampiric hand axe.
* * * LOW HITPOINT WARNING * * *
The orc warrior draws strength from your wounds!
You block the orc's attack.
You hit the orc warrior.
The orc warrior is severely wounded.
You block the orc warrior's attack. The orc hits you but does no damage.
You completely miss the orc warrior.
The orc warrior is severely wounded.
You block the orc warrior's attack. You block the orc's attack.
The orc warrior hits you with a +2 vampiric hand axe!
You die...
Beogh appreciates the orc warrior's killing of a heretic priest.

.# ... ###+#.#
... #.....# ....
#.....# .....
#.....#
.....####.....#
.!.......)....#
+###..oo##......
#..@.# ##.###
#....# .#
#..^.####.#
#..)......##.
#............ ##
#....<....... .#
#............
.########
#............
.'......#
#............


You could see an orc warrior and an orc.

Vanquished Creatures
  A black bear (D:4)
  An ogre (D:5)
  A phantom (D:4)
  A scorpion (D:4)
  2 jellies (D:4)
  A centaur skeleton (D:5)
  An iguana (D:4)
  3 adders
  2 worms (D:2)
  3 dart slugs
  9 orcs
  10 bats
  An endoplasm (D:2)
  A giant cockroach (D:2)
  20 goblins
  10 hobgoblins
  4 jackals (D:3)
  A quokka (D:4)
  7 ball pythons
  3 frilled lizards (D:2)
  2 kobolds (D:3)
  3 rats
87 creatures vanquished.

Notes
Turn   | Place    | Note
-------+----------+-------------------------------------------
     0 | D:1      | deletemesenpai the Hill Orc Fighter began the quest for the
                  | Orb.
     0 | D:1      | Reached XP level 1. HP: 19/19 MP: 1/1
   171 | D:1      | Reached XP level 2. HP: 27/27 MP: 2/2
   279 | D:1      | Found Ucyps's Book Boutique.
   776 | D:1      | Reached XP level 3. HP: 33/33 MP: 3/3
   893 | D:2      | Found a faded altar of an unknown god.
  1407 | D:2      | Reached XP level 4. HP: 29/40 MP: 4/4
  2457 | D:3      | Found an ancient bone altar of Kikubaaqudgha.
  2460 | D:3      | Found an iron altar of Okawaru.
  2471 | D:3      | Reached XP level 5. HP: 46/46 MP: 5/5
  2475 | D:3      | Found a basalt altar of Yredelemnul.
  2478 | D:3      | Found a glowing silver altar of Zin.
  2734 | D:4      | Found a radiant altar of Vehumet.
  2872 | D:4      | Noticed a black bear
  2881 | D:4      | Killed a black bear
  2882 | D:4      | Reached skill level 5 in Axes
  2884 | D:4      | Reached skill level 1 in Maces & Flails
  2884 | D:4      | Reached XP level 6. HP: 46/53 MP: 6/6
  3236 | D:4      | Became a worshipper of Beogh the Brigand
  3397 | D:4      | Reached skill level 5 in Shields
  3831 | D:4      | Reached XP level 7. HP: 58/60 MP: 7/7
  3892 | D:5      | Entered Level 5 of the Dungeon
  4012 | D:5      | Slain by an orc warrior

Illustrated notes

Levels and vault maps discovered:
D:1:      minmay_arrival_stone_box, layout_basic, serial_shops, shop,
          amcnicky_mini_rare_corridor_liquid, hex_tiny, supply_closet_lemuel,
          st_stairs_11
D:2:      layout_basic, shapermc_ecumenical_altar_mp_highgroup, serial_rivers,
          chequers_serial_rivers_micro_a, chequers_serial_rivers_micro_b,
          chequers_serial_rivers_micro_a, chequers_serial_rivers_small_a,
          chequers_serial_rivers_large_a
D:3:      layout_rooms, grunt_temple_overflow_cloverleaf, minmay_misc_feat_room,
          skrybe_limestone_x, minmay_goblin_outpost
D:4:      layout_layer_cave, vehumet_altar_wand_db, kennysheep_another_room
D:5:      layout_basic, uniq_grinder

Skill      XL: |  1  2  3  4  5  6 |
---------------+-------------------+-----
Fighting       | 4 |  4.9
Axes           | 3 4 5 |  5.7
Armour         | 4 |  4.6
Shields        | 4 5 |  5.6
Maces & Flails | 1 2 |  2.7

Action                   |  1- 3 |  4- 6 |  7- 9 || total
-------------------------+-------+-------+-------++-------
Melee: War axe           |   113 |    80 |       ||   193
       Flail             |       |    62 |    14 ||    76
Throw: Boomerang         |       |       |     2 ||     2
Invok: Convert to Beogh  |       |     1 |       ||     1
  Use: Potion            |       |       |     1 ||     1
Armor: Scale mail        |    19 |       |       ||    19
       Chain mail        |    49 |    86 |       ||   135
       Plate armour      |       |    26 |     5 ||    31
Dodge: Dodged            |    24 |    26 |     1 ||    51
Block: Kite shield       |    81 |    94 |    16 ||   191

Table legend: (Time is in decaauts)
 A = Elapsed time spent in this place.
 B = Non-inter-level travel time spent in this place.
 C = Inter-level travel time spent in this place.
 D = Time resting spent in this place.
 E = Time spent auto-exploring this place.
 F = Levels seen in this place.
 G = Mean time per level.
                   A        B        C        D        E       F      G
               +--------+--------+--------+--------+--------+-----+--------+
         Total |   4171 |   4041 |    130 |    524 |   2553 |   5 |  834.2 |
       Dungeon |   4171 |   4041 |    130 |    524 |   2553 |   5 |  834.2 |
               +--------+--------+--------+--------+--------+-----+--------+

Top non-repeatable levels by time:
     D:2: 1254 daAuts
     D:4: 1174 daAuts
     D:1: 922 daAuts
     D:3: 694 daAuts
     D:5: 125 daAuts
